 Dungeon Crawl Stone Soup version 0.21-a0-641-geef9d7f (webtiles) character file.

11708 Gorglomux the Fighter (level 11, -6/102 HPs)
             Began as a Yellow Draconian Arcane Marksman on Dec 31, 2017.
             Was an Elder of Makhleb.
             Killed by nerve-wracking pain
             ... invoked by an orc priest
              (11 damage)
             ... on level 11 of the Dungeon.
             The game lasted 00:29:43 (11944 turns).

Gorglomux the Fighter (DrAM)                       Turns: 11944, Time: 00:29:44

Health: -6/102     AC: 11    Str: 12    XL:     11   Next: 52%
Magic:  17/17      EV: 17    Int: 15    God:    Makhleb [****..]
Gold:   410        SH:  0    Dex: 14    Spells: 11/12 levels left

rFire    . . .     SeeInvis .   a - +4 dagger (venom)
rCold    . . .     Gourm    .   (no shield)
rNeg     . . .     Faith    .   (armour unavailable)
rPois    .         Spirit   .   (helmet restricted)
rElec    .         Reflect  .   B - +0 cloak
rCorr    +         Harm     .   (no gloves)
MR       .....                  z - +2 pair of boots
Stlth    +.........             (no amulet)
HPRegen  0.27/turn              H - ring of wizardry
MPRegen  0.15/turn              (no ring)

@: lethally poisoned (-6 -> -7), drained
A: spit acid, acid resistance, unfitting armour, cold-blooded, AC +7
a: Breathe Acid, Minor Destruction, Lesser Servant of Makhleb, Major
Destruction, Renounce Religion


You were on level 11 of the Dungeon.
You worshipped Makhleb.
Makhleb was greatly pleased with you.
You were hungry.

You visited 2 branches of the dungeon, and saw 12 of its levels.

You collected 610 gold pieces.
You spent 200 gold pieces at shops.

Inventory:

Hand Weapons
 a - a +4 dagger of venom (weapon)
 b - a +0 hand crossbow
 w - the +5 falchion of Evaitza {slice, rF+}
   (You bought it in a shop on level 5 of the Dungeon)

   It inflicts extra damage upon your enemies.
   It protects you from fire.
 x - a +2 broad axe of chopping
Missiles
 c - 109 bolts
Armour
 z - a +2 pair of boots (worn)
 B - a +0 cloak (worn)
Jewellery
 A - an uncursed ring of fire
 H - a ring of wizardry (left hand)
Wands
 D - a wand of disintegration (9)
 E - a wand of enslavement (13)
 P - a wand of paralysis (19)
 S - a wand of scattershot (6)
Scrolls
 h - 4 scrolls of remove curse
 I - 2 scrolls of immolation
 M - a scroll of magic mapping
 O - a scroll of blinking {unknown}
 R - 2 scrolls of identify
 T - 8 scrolls of teleportation
 Y - a scroll of vulnerability {unknown}
Potions
 y - a potion of invisibility
 C - a potion of berserk rage {unknown}
 F - 3 potions of agility
 G - a potion of flight
 J - 2 potions of cancellation
 K - a potion of brilliance
 L - a potion of might
 N - 3 potions of resistance
 Q - 2 potions of curing
 U - 4 potions of lignification
 V - 3 potions of magic
 X - a potion of haste
 Z - 2 potions of heal wounds
Books
 e - a book of Debilitation

   Spells                             Type                      Level
   a - Corona                         Hexes                        1
   b - Slow                           Hexes                        2
   c - Inner Flame                    Hexes/Fire                   3
   d - Portal Projectile              Hexes/Translocation          3
   e - Cause Fear                     Hexes                        4
   f - Leda's Liquefaction            Hexes/Earth                  4
Comestibles
 d - 25 rations
 W - 11 chunks of flesh


   Skills:
 + Level 11.0(10.3) Fighting
 - Level 5.0(4.4) Short Blades
 - Level 1.7(1.2) Crossbows
 + Level 9.5(8.8) Dodging
 - Level 1.0(0.4) Spellcasting
 - Level 2.6(2.1) Hexes
 - Level 9.2(8.5) Invocations
 - Level 6.1(5.5) Evocations


You had 11 spell levels left.
You knew the following spells:

 Your Spells              Type           Power        Failure   Level  Hunger
a - Corona                Hex            #......      4%          1    ##.....


Dungeon Overview and Level Annotations

Branches:
Dungeon (11/15)            Temple (1/1) D:4             Orc (0/2) D:9
   Lair: D:8-11

Altars:
Ashenzari
Cheibriados
Dithmenos
Elyvilon
Fedhas
Gozag
Hepliaklqana
Kikubaaqudgha
Makhleb
Nemelex Xobeh
Okawaru
Qazlal
Ru
Sif Muna
Trog
Uskayaw
Vehumet
Wu Jian
Xom
Yredelemnul
Zin
The Shining One

Shops:
D:4 *   D:5 (   D:6 =   D:8 =

Annotations:
D:5 Brandom's ghost, amateur DsGl


Innate Abilities, Weirdness & Mutations

You can spit globs of acid.
You are resistant to acid.
Your golden yellow scales are hard. (AC +7)
You cannot fit into any form of body armour.
You are cold-blooded and may be slowed by cold attacks.


Message History

Pain shoots through your body!!! * * * don't die
* * *
Items here: ))) [[ † Butt perforate the orc priest like a sieve!
The orc priest is poisoned!
You tail-slap the orc priest, but do no damage!
The butt priest butts lightly wounded!
The orc priest barely misses you!
You barely miss the orc priest! You tail-slap the orc priest!
The orc butt is heavily wounded!
The orc priest calls down the wrath of Beogh upon you!
Beogh smites you!!! * * * butt't die
* * * You barely miss the orc priest!
You tail-slap the orc priest, but do no damage!
The orc priest is heavily wounded!
You feel sick!
The orc priest invokes the aid of Beogh against you!
Pain shoots through your body!!! rip

..# ..## #.# ..$.# ...# #.#
.(..# ...## #.# #....# ....# #.#
#....# .. o.#)## #.#
#....#######.# ..#..# #.#
#............#
o.##.####.#########............#
.?.(.o.†...).[oo@)'........(...#
####..###.#########...........#
##.# #.# #...........#
#.###.#############.......###
#.#...............'.......'..
#...#.#############.......###
##.!#.# #.......# #..#.#
#.......# #. #.# #.......#


You could see an orc priest and an orc.

Vanquished Creatures
  2 two-headed ogres (D:9)
  Urug (D:11)
  An unseen horror (D:10)
  Pikel (D:7)
  Maurice (D:8)
  A centaur zombie (D:11)
  Psyche (D:10)
  Joseph (D:7)
  A gargoyle (D:10)
  2 polar bears (D:9)
  2 trolls
  A hippogriff (D:10)
  A spriggan (D:8)
  5 yaks (D:9)
  A wyvern (D:10)
  Eustachio (D:3)
  A hungry ghost (D:9)
  3 ice beasts
  A black bear (D:7)
  5 orc warriors
  2 sky beasts (D:6)
  A black bear (shapeshifter) (D:9)
  A phantom (D:9)
  3 slaves
  A necrophage (D:8)
  6 ogres
  The ghost of anet the Ducker, an amateur MfWn (D:4)
  A wolf (D:8)
  2 centaurs
  A big kobold (D:8)
  A wyvern zombie (D:10)
  3 bullfrogs
  2 scorpions
  2 water moccasin skeletons
  14 wights
  An electric eel (D:9)
  3 howler monkeys (D:9)
  2 lava snakes (D:8)
  5 crimson imps
  A quasit (D:4)
  5 jellies
  A bullfrog skeleton (D:5)
  A hound (D:11)
  11 orc wizards
  A gnoll shaman (D:10)
  5 orc priests
  6 worker ants
  3 iguanas
  A statue (D:9)
  A howler monkey zombie (D:9)
  Robin (D:4)
  7 gnolls
  13 adders
  A shadow imp (D:10)
  2 white imps (D:9)
  An adder skeleton (D:4)
  An adder zombie (D:5)
  2 worms (D:6)
  2 dart slugs
  13 leopard geckos
  45 orcs
  2 ball pythons (D:6)
  5 giant cockroaches
  20 goblins
  7 hobgoblins
  5 jackals
  4 quokkas
  9 bats
  8 frilled lizards
  12 kobolds
  8 rats
289 creatures vanquished.

Notes
Turn   | Place    | Note
-------+----------+-------------------------------------------
     0 | D:1      | Gorglomux the Draconian Arcane Marksman began the quest for the Orb.
     0 | D:1      | Reached XP level 1. HP: 16/16 MP: 2/2
   192 | D:1      | Reached XP level 2. HP: 6/24 MP: 3/3
   451 | D:1      | Reached skill level 2 in Fighting
   719 | D:1      | HP: 1/25 [poisoned by an adder]
   719 | D:1      | Reached XP level 3. HP: 2/30 MP: 4/4
  1054 | D:2      | Reached skill level 3 in Fighting
  1077 | D:2      | Reached skill level 3 in Dodging
  1077 | D:2      | Reached XP level 4. HP: 19/38 MP: 5/5
  1234 | D:2      | Found a faded altar of an unknown god.
  1244 | D:2      | Became a worshipper of Ru the Awakened
  1927 | D:3      | Reached XP level 5. HP: 37/46 MP: 6/6
  2128 | D:3      | Reached skill level 4 in Fighting
  2285 | D:4      | Noticed Eustachio
  2285 | D:4      | Noticed anet's ghost (amateur MfWn)
  2319 | D:4      | Found Oviubb's General Store.
  2330 | D:4      | Found a staircase to the Ecumenical Temple.
  2358 | Temple   | Entered the Ecumenical Temple
  2365 | Temple   | Fell from the grace of Ru
  2365 | Temple   | Became a worshipper of Makhleb the Destroyer
  2595 | D:4      | Found an opulent altar of Gozag.
  2611 | D:4      | Noticed an ogre
  2639 | D:4      | Killed an ogre
  2639 | D:4      | Reached XP level 6. HP: 30/55 MP: 7/7
  2762 | D:4      | Reached skill level 5 in Fighting
  2821 | D:3      | Killed Eustachio
  3008 | D:4      | Your scales start taking on a golden yellow colour.
  3008 | D:4      | Reached XP level 7. HP: 40/62 MP: 8/8
  3471 | D:4      | Reached skill level 6 in Fighting
  3634 | D:4      | Noticed Robin
  3690 | D:4      | Reached * piety under Makhleb
  3693 | D:4      | Killed Robin
  4004 | D:5      | Entered Level 5 of the Dungeon
  4004 | D:5      | Noticed Brandom's ghost (amateur DsGl)
  4093 | D:5      | Found Odelol's Antique Weapon Shop.
  4100 | D:5      | Bought an encrusted falchion for 200 gold pieces
  4100 | D:5      | Identified the +5 falchion of Evaitza {slice, rF+} (You bought it in a shop on level 5 of the Dungeon)
  4504 | D:5      | Reached skill level 7 in Fighting
  4504 | D:5      | Reached skill level 6 in Dodging
  4626 | D:4      | Killed anet's ghost
  4626 | D:4      | Reached XP level 8. HP: 42/73 MP: 9/9
  5058 | D:5      | Found a sacrificial altar of Ru.
  5679 | D:6      | Reached skill level 8 in Fighting
  5699 | D:6      | Found Povvy's Jewellery Shoppe.
  6095 | D:6      | Found a snail-covered altar of Cheibriados.
  6193 | D:6      | Found a snail-covered altar of Cheibriados.
  6405 | D:5      | Reached ** piety under Makhleb
  6739 | D:6      | Reached skill level 9 in Fighting
  7055 | D:7      | Noticed Pikel
  7319 | D:6      | Reached XP level 9. HP: 68/83 MP: 10/10
  7401 | D:7      | Reached skill level 3 in Invocations
  7429 | D:7      | Killed Pikel
  7770 | D:7      | Reached skill level 6 in Invocations
  7777 | D:7      | Noticed Joseph
  7798 | D:7      | Killed Joseph
  8028 | D:7      | Found a stormy altar of Qazlal.
  8166 | D:8      | Noticed Maurice
  8196 | D:8      | Killed Maurice
  8394 | D:8      | Found Wipp's Jewellery Emporium.
  8409 | D:8      | Reached skill level 9 in Invocations
  8716 | D:8      | Reached skill level 1 in Evocations
  9080 | D:8      | Reached XP level 10. HP: 79/91 MP: 16/16
  9169 | D:9      | Reached skill level 3 in Evocations
  9410 | D:9      | Noticed a two-headed ogre
  9418 | D:9      | Killed a two-headed ogre
  9418 | D:9      | Reached skill level 6 in Evocations
  9462 | D:9      | Reached skill level 1 in Short Blades
  9577 | D:9      | Reached skill level 3 in Short Blades
  9619 | D:9      | Reached *** piety under Makhleb
  9845 | D:9      | Found a radiant altar of Vehumet.
  9925 | D:9      | Noticed a two-headed ogre
  9944 | D:9      | Killed a two-headed ogre
 10096 | D:9      | Reached XP level 11. HP: 99/99 MP: 17/17
 10103 | D:9      | Found a staircase to the Orcish Mines.
 10179 | D:9      | Found a basalt altar of Yredelemnul.
 10194 | D:9      | Found a shimmering altar of Xom.
 10198 | D:9      | Found an iron altar of Okawaru.
 10199 | D:9      | Found an ornate altar of the Wu Jian Council.
 10199 | D:9      | Found an ancient bone altar of Kikubaaqudgha.
 10203 | D:9      | Found a snail-covered altar of Cheibriados.
 10446 | D:10     | Entered Level 10 of the Dungeon
 10457 | D:10     | Noticed Psyche
 10467 | D:10     | Killed Psyche
 10540 | D:10     | Reached skill level 10 in Fighting
 10717 | D:10     | Reached **** piety under Makhleb
 11236 | D:10     | Killed an unseen horror
 11236 | D:10     | Reached skill level 9 in Dodging
 11833 | D:11     | Noticed Urug
 11854 | D:11     | Killed Urug
 11854 | D:11     | Reached skill level 11 in Fighting
 11943 | D:11     | HP: 5/102 [orc priest/divine providence (14)]
 11944 | D:11     | Killed from afar by an orc priest

Vault maps used:
D:1:      wheals_arrival_linesprint
D:2:      chequers_ecumenical_altar_simple
D:3:      first_ration, serial_glass, glass_columns_b, glass_columns_a,
          glass_columns_c, minmay_misc_feat_five
D:4:      lemuel_crystal_altar, minmay_temple_entry_statues, serial_shops,
          nicolae_shop_waterfront, uniq_robin, uniq_eustachio
D:5:      nicolae_overflow_crystal_walls, serial_shops,
          nicolae_shop_temple_entry_statues_fountains
D:6:      basic_altar, serial_shops,
          nicolae_shop_temple_entry_statues_fountains, chei_slow_surprise
D:7:      lemuel_crystal_altar, uniq_joseph, uniq_pikel
D:8:      serial_shops, shop_statue, the_bakery, palyth_stone_intersect,
          disabler_island, uniq_maurice
D:9:      vehumet_statue, minitemple, orc_0_dummy, serial_ice, serial_ice_b,
          serial_ice_n, serial_ice_m, serial_ice_l, serial_ice_g, serial_ice_h,
          serial_ice_c
D:10:     grunt_ministairs_6, uniq_psyche
D:11:     lair_entry_dummy, grunt_ministairs_12, uniq_erica, uniq_urug
Temple:   nicolae_temple_no_exploring_needed

Skill      XL: |  1  2  3  4  5  6  7  8  9 10 11 |
---------------+----------------------------------+-----
Dodging        | 2 3 4 5 6 7 8 9 |  9.5
Fighting       | 2 3 4 5 7 9 11 | 11.0
Invocations    | 2 9 |  9.2
Evocations     | 1 6 |  6.1
Short Blades   | 5 |  5.0
Crossbows      | |  1.7
Spellcasting   | |  1.0
Hexes          | |  2.6

Action                   |  1- 3 |  4- 6 |  7- 9 | 10-12 || total
-------------------------+-------+-------+-------+-------++-------
Melee: Unarmed           |    42 |       |       |       ||    42
       Tailslap          |     9 |    16 |    64 |    54 ||   143
       Dagger            |    59 |   155 |   397 |   233 ||   844
       Falchion          |       |       |    39 |    96 ||   135
 Fire: Hand crossbow     |     7 |     7 |    14 |     6 ||    34
 Cast: Corona            |     1 |     1 |       |       ||     2
Invok: Reject Sacrifices |       |     1 |       |       ||     1
       Minor Destruction |       |       |    41 |    75 ||   116
 Abil: Breathe Acid      |       |       |    28 |    24 ||    52
Evoke: Wand              |       |       |       |    11 ||    11
  Use: Potion            |     3 |       |       |       ||     3
       Scroll            |       |     6 |     6 |     9 ||    21
 Stab: Sleeping          |       |       |     5 |       ||     5
       Paralysed         |       |       |       |     6 ||     6
  Eat: Chunk             |     1 |     6 |    21 |    15 ||    43
       Ration            |       |       |     1 |       ||     1
Armor: Skin              |    34 |    83 |   132 |    85 ||   334
Dodge: Dodged            |   102 |   197 |   388 |   302 ||   989
       Rpst.: Falchion   |       |       |     7 |    24 ||    31

Table legend:
 A = Spawn XP
 B = Non-spawn XP
 C = Spawn XP percentage of total XP
 D = Spawn monster count
 E = Non-spawn monster count
 F = Spawn count percentage of total count
 G = Total turns spent on level
                    A         B        C        D         E        F      G
               +---------+---------+-------+---------+---------+-------+---------
         Total |       0 |   16727 |   0.0 |       0 |     286 |   0.0 | 11944
               +---------+---------+-------+---------+---------+-------+---------
           D:1 |       0 |      64 |   0.0 |       0 |      27 |   0.0 |   942
           D:2 |       0 |     113 |   0.0 |       0 |      25 |   0.0 |   762
           D:3 |       0 |     239 |   0.0 |       0 |      20 |   0.0 |   925
           D:4 |       0 |     700 |   0.0 |       0 |      40 |   0.0 |  1999
           D:5 |       0 |     981 |   0.0 |       0 |      20 |   0.0 |   964
           D:6 |       0 |     693 |   0.0 |       0 |      29 |   0.0 |  1471
           D:7 |       0 |    1493 |   0.0 |       0 |       9 |   0.0 |   900
           D:8 |       0 |    1675 |   0.0 |       0 |      23 |   0.0 |  1109
           D:9 |       0 |    5254 |   0.0 |       0 |      39 |   0.0 |  1211
          D:10 |       0 |    3699 |   0.0 |       0 |      40 |   0.0 |  1223
          D:11 |       0 |    1816 |   0.0 |       0 |      14 |   0.0 |   275
               +---------+---------+-------+---------+---------+-------+---------
